 Dungeon Crawl Stone Soup version 0.16-a0-3210-ge5ae1c3 (webtiles) character file.

345 Chiseanne the Skirmisher (level 6, 0/51 HPs)
             Began as a Mummy Wanderer on Dec 19, 2014.
             Was an Initiate of Kikubaaqudgha.
             Slain by a gnoll
             ... wielding a +0 spear
              (7 damage)
             ... on level 3 of the Dungeon.
             The game lasted 00:12:33 (10539 turns).

Chiseanne the Skirmisher (Mummy Wanderer)          Turns: 10539, Time: 00:12:34

Health: 0/51       AC:  5    Str: 15    XL:     6   Next: 32%
Magic:  8/8        EV: 11    Int: 12    God:    Kikubaaqudgha [......]
Gold:   116        SH:  0    Dex: 12    Spells: 1 memorised, 6 levels left

rFire  x . .     SeeInvis .     a - +3 hand axe
rCold  + . .     Clarity  .     c - +0 ring mail
rNeg   + + +     SustAb   .     (no shield)
rPois  ∞         Gourm    .     (no helmet)
rElec  .         Spirit   .     (no cloak)
rCorr  .         Warding  .     (no gloves)
rMut   .         Stasis   .     (no boots)
MR     .....                    (no amulet)
Stlth  +.........               (no ring)
                                (no ring)

@: not resistant to hostile enchantments, very unstealthy
A: no food or potions, fire vulnerability, restore body, cold resistance 1,
negative energy resistance 3, poison resistance, torment resistance, unbreathing
a: Renounce Religion


You were on level 3 of the Dungeon.
You worshipped Kikubaaqudgha.
Kikubaaqudgha was noncommittal.
You were not hungry.

You visited 1 branch of the dungeon, and saw 3 of its levels.

You collected 116 gold pieces.

Inventory:

Hand weapons
 a - a +3 hand axe (weapon)
Missiles
 d - 15 poisoned needles
 f - 13 bolts of flame
 g - 11 sling bullets
 h - 16 arrows
Armour
 c - a +0 ring mail (worn)
 k - a cursed +0 robe
Scrolls
 e - 2 scrolls of immolation
Books
 b - Kikubaaqudgha's Tome of Sinister Rituals
   (You found it on level 2 of the Dungeon)

   Spells                             Type                      Level
   a - Animate Skeleton               Necromancy                   1
 i - Sif Muna's Catalogue of Summoning
   (You found it on level 2 of the Dungeon)

   Spells                             Type                      Level
   a - Summon Small Mammal            Summoning                    1
 j - Vehumet's Grimoire of Conjuration
   (You found it on level 2 of the Dungeon)

   Spells                             Type                      Level
   a - Magic Dart                     Conjuration                  1


   Skills:
 * Level 5.1 Fighting
 - Level 1.0 Axes
 - Level 1.0 Throwing
 * Level 4.1 Armour
 * Level 2.1 Dodging
 - Level 1.0 Stealth
 * Level 1.1 Spellcasting
 * Level 1.0 Necromancy


You had 6 spell levels left.
You knew the following spells:

 Your Spells              Type           Power        Failure   Level  Hunger
a - Animate Skeleton      Necr           N/A          24%         1    N/A

Dungeon Overview and Level Annotations

Branches:
Dungeon (3/15)

Altars:
Kikubaaqudgha
Sif Muna
Vehumet


Innate Abilities, Weirdness & Mutations

You do not eat or drink.
Your flesh is vulnerable to fire.
Your flesh is cold resistant.
You are immune to negative energy.
Your system is resistant to poisons.
You are immune to unholy pain and torment.
You can survive without breathing.


Message History

The gnoll is heavily wounded.
The gnoll closely misses you. The gnoll hits you but does no damage.
The gnoll closely misses you. The gnoll barely misses you.
You hit the gnoll.
The gnoll is severely wounded.
The gnoll hits you with a whip. The gnoll barely misses you.
The gnoll closely misses you. The gnoll hits you but does no damage.
Your ring mail prevents you from hitting the gnoll.
The gnoll is severely wounded.
The gnoll hits you from afar with a spear!
The gnoll closely misses you. The gnoll hits you but does no damage.
You barely miss the gnoll.
The gnoll is severely wounded.
The gnoll hits you from afar with a spear!
* * * LOW HITPOINT WARNING * * *
The gnoll hits you with a whip.
* * * LOW HITPOINT WARNING * * *
The gnoll hits you from afar with a spear!
You die...
Kikubaaqudgha rasps: "You have failed me!
Welcome... oblivion!"

# $ ..#.
..#.#...
).#.#..## .
.)..>.. ...
##.##.####..#.
.............
####.#....g...#
....#..@gg...#
#..#.######.#
#..#...#
#....#.#
#.##.#.#
######.##.#.#
#.........#.#
#.####)...#.#
#.#.#.#.###.#


You could see 3 gnolls.

Vanquished Creatures
  The ghost of Pikaro the Destroyer, an experienced OpCj of Vehumet (D:3)
  2 adders (D:2)
  A gnoll (D:1)
  3 worms (D:2)
  2 giant geckos
  An ooze (D:1)
  An orc (D:3)
  A bat skeleton (D:1)
  8 giant cockroaches
  6 goblins
  6 hobgoblins
  2 jackals (D:1)
  12 bats
  2 giant newts (D:1)
  4 kobolds
  2 quokkas (D:2)
  7 rats
61 creatures vanquished.

Vanquished Creatures (others)
  A bat skeleton (D:3)
1 creature vanquished.

Grand Total: 62 creatures vanquished

Notes
Turn   | Place    | Note
--------------------------------------------------------------
     0 | D:1      | Chiseanne, the Mummy Wanderer, began the quest for the Orb.
     0 | D:1      | Chiseanne set off with: a +2 hand axe, a +0 spear, a +0 ring mail
     0 | D:1      | Reached XP level 1. HP: 19/19 MP: 1/1
   112 | D:1      | Reached XP level 2. HP: 22/25 MP: 2/2
   532 | D:1      | Reached XP level 3. HP: 28/31 MP: 3/3
  1282 | D:2      | Reached XP level 4. HP: 10/38 MP: 4/4
  9233 | D:1      | Noticed a centaur warrior
 10041 | D:2      | Found an ancient bone altar of Kikubaaqudgha.
 10046 | D:2      | Identified Kikubaaqudgha's Tome of Sinister Rituals
 10051 | D:2      | Found a radiant altar of Vehumet.
 10053 | D:2      | Found a deep blue altar of Sif Muna.
 10057 | D:2      | Identified Sif Muna's Catalogue of Summoning
 10065 | D:2      | Identified Vehumet's Grimoire of Conjuration
 10076 | D:2      | Became a worshipper of Kikubaaqudgha
 10086 | D:2      | Learned a level 1 spell: Animate Skeleton
 10187 | D:3      | Noticed Pikaro's ghost (experienced OpCj)
 10206 | D:3      | Killed Pikaro's ghost
 10206 | D:3      | Reached skill level 5 in Fighting
 10206 | D:3      | Reached skill level 1 in Spellcasting
 10206 | D:3      | Reached skill level 1 in Necromancy
 10206 | D:3      | Reached XP level 5. HP: 4/44 MP: 5/7
 10206 | D:3      | Reached XP level 6. HP: 4/51 MP: 5/8
 10539 | D:3      | Slain by a gnoll

Action                   |  1- 3 |  4- 6 || total
-------------------------+-------+-------++-------
Melee: Hand axe          |   106 |    87 ||   193
 Cast: Animate Skeleton  |       |     1 ||     1
  Use: Scroll            |     3 |     2 ||     5
